AoeStats
← PanicWaller

Black Forest

513248310Analyzed
2v2 RM · 5d ago on Oct 12, 2026· 46m 51s· 4 players
Game mode
Random Map
Map size
Medium (4 player)
Population
200
Speed
Normal
Resources
Standard
Victory
Conquest
Starting age
Dark Age
Ending age
Imperial Age
RankedLock teamsTeams togetherTeam positionsShared explorationLock speedFull tech treeHidden civsTurbo modeCheats
Victory
Defeat
🇩🇪 Slavs · Germany
1801
+6
🇩🇪 Armenians · Germany
1605
+12
vs
🇺🇸 Romans · United States
1597
-11
🇩🇪 Bohemians · Germany
1489
-7
BungaloBones
4:45 Loom
11:13 Feudal Age
16:34 Castle Age
16:19 Double-Bit Axe
24:44 Fishing Lines
25:54 Gillnets
26:28 Horse Collar
27:41 Bow Saw
30:02 Gold Mining
31:04 Wheelbarrow
31:14 Stone Mining
31:27 Heavy Plow
32:48 Gold Shaft Mining
36:10 Imperial Age
34:17 Fletching
35:13 Hand Cart
35:57 Bodkin Arrow
37:15 Ballistics
37:22 Conscription
36:24 Heavy Scorpion
38:01 Siege Engineers
40:27 Chemistry
42:57 Capped Ram
44:23 Scale Mail Armor
44:33 Forging
46:01 Onager
PanicWaller
11:47 Feudal Age
15:46 Castle Age
14:25 Double-Bit Axe
19:05 Loom
22:40 Wheelbarrow
42:25 Imperial Age
40:28 Atonement
40:59 Sanctity
41:08 Fervor
41:01 Atonement
41:03 Devotion
van jonsenheim
1:52 Loom
11:55 Feudal Age
15:32 Castle Age
14:07 Double-Bit Axe
14:26 Scale Mail Armor
15:13 Man-at-Arms
16:46 Long Swordsman
19:02 Gambesons
19:47 Squires
21:09 Forging
22:59 Two-Handed Swordsman
26:21 Horse Collar
28:04 Gold Mining
29:21 Redemption
32:02 Chain Mail Armor
32:17 Arson
41:34 Town Watch
44:53 Wheelbarrow
44:19 Heavy Plow
44:31 Bow Saw
48:06 Imperial Age
46:33 Hand Cart
46:34 Fletching
46:45 Padded Archer Armor
47:27 Ballistics
Lukas_AoE
3:13 Loom
10:28 Feudal Age
11:03 Man-at-Arms
22:45 Double-Bit Axe
22:44 Fishing Lines
24:15 Town Watch
27:52 Castle Age
26:26 Forging
26:16 Scale Mail Armor
26:52 Gold Mining
26:54 Stone Mining
29:27 Wheelbarrow
29:50 Gold Shaft Mining
29:39 Gillnets
33:35 Imperial Age
31:26 Hand Cart
30:36 Long Swordsman
31:16 Squires
31:48 Bow Saw
31:18 Horse Collar
32:03 Bow Saw
32:14 Chain Mail Armor
32:35 Iron Casting
33:02 Heavy Plow
34:14 Caravan
33:46 Two-Handed Swordsman
34:57 Plate Mail Armor
35:27 Blast Furnace
34:40 Druzhina
35:01 Conscription
34:44 Detinets
34:05 Two-Handed Swordsman
36:39 Two-Man Saw
35:28 Champion
36:06 Capped Ram
37:27 Siege Ram
38:22 Onager
40:05 Siege Engineers
40:11 Masonry
40:22 Ballistics
41:03 Chemistry
40:04 Fletching
41:07 Hoardings
41:05 Bodkin Arrow
42:10 Crop Rotation
41:17 Siege Onager
Connection lost

Rejoining the realm…

Still unreachable

The connection could not be restored.

Session expired

The server has moved on; the page needs a fresh start.